Map: Golden Wall LE

Players

Zest

  • Race: Protoss Protoss
  • Spawn Location: 7:00

Liquidthermy (uThermal) - Winner!

  • Race: Terran Terran
  • Spawn Location: 5:00

Event: Shopify TSL 5

VOD

Have the link to the VOD?

Description

Time

  • Played on: May 17, 2020, 7:23 a.m.
  • Length: 5:20

All games in this series

Show
View Real Time Build Order
Export as new Build Order

Zest Protoss 

Build Orders: 1 Gate Expand, Blink Stalkers 

Get SALT Encoding   

  12  0:00  Probe  
  13  0:12  Probe  
  14  0:17  Pylon  
  14  0:25  Probe (Chrono Boost)  
  15  0:37  Probe (Chrono Boost), Gateway  
  16  0:45  Probe (Chrono Boost)  
  16  0:47  Assimilator  
  17  0:51  Probe  
  18  1:03  Probe  
  19  1:15  Probe  
  20  1:25  Cybernetics Core  
  20  1:33  Nexus  
  20  1:37  Probe  
  21  1:44  Pylon  
  21  1:49  Probe  
  21  1:51  Assimilator  
  22  1:59  Adept (Chrono Boost)  
  22  2:01  Probe  
  22  2:04  Warp Gate  
  25  2:13  Probe (Chrono Boost)  
  27  2:23  Probe (Chrono Boost), Twilight Council  
  27  2:28  Probe (Chrono Boost)  
  28  2:33  Stalker  
  30  2:40  Probe  
  31  2:48  Probe  
  32  2:54  Probe  
  32  2:56  Blink (Chrono Boost)  
  33  3:01  Probe  
  34  3:08  Gateway  
  34  3:11  Stalker  
  34  3:12  Probe  
  37  3:15  Probe  
  38  3:24  Probe  
  39  3:27  Probe  
  39  3:30  Robotics Facility  
  40  3:36  Probe  
  40  3:39  Probe  
  42  3:48  Pylon  
  42  3:49  Probe  
  42  3:55  Nexus  
  43  3:57  Sentry  
  43  3:59  Probe  
  46  4:06  Probe, Stalker  
  46  4:07  Pylon  
  46  4:08  Phoenix  
  49  4:12  Probe  
  49  4:16  Assimilator  
  50  4:17  Observer  
  50  4:18  Probe  
  52  4:24  Stalker  
  52  4:26  Probe  
  52  4:28  Pylon  
  52  4:30  Probe, Stalker  
  58  4:38  Probe  
  59  4:43  Observer  
  60  4:46  Probe, Gateway  
  60  4:47  Gateway  
  60  4:50  Probe  
  62  4:53  Forge  
  62  4:58  Probe  
  63  5:01  Stalker x2  
Show
View Real Time Build Order
Export as new Build Order

Liquidthermy Terran - Winner!

Build Orders: Reaper Expand 

Get SALT Encoding   

  12  0:01  SCV  
  13  0:13  SCV  
  14  0:17  Supply Depot  
  14  0:25  SCV  
  15  0:39  SCV  
  15  0:40  Barracks  
  16  0:44  Refinery  
  16  0:51  SCV  
  17  1:03  SCV  
  18  1:15  SCV  
  19  1:27  Reaper  
  19  1:28  Orbital Command  
  20  1:42  Command Center  
  20  1:54  SCV  
  21  1:58  Barracks  
  21  2:01  Barracks Reactor  
  21  2:06  SCV  
  22  2:10  Supply Depot  
  22  2:18  SCV  
  22  2:19  Refinery  
  23  2:31  SCV  
  23  2:35  Factory  
  24  2:38  Marine x2  
  24  2:43  SCV  
  27  2:49  Barracks Tech Lab  
  27  2:55  SCV  
  27  2:56  Marine x2  
  30  2:59  Orbital Command  
  30  3:08  SCV, Marine, Stimpack  
  32  3:15  Marine x2  
  34  3:23  Starport  
  34  3:29  Marauder  
  34  3:33  Marine  
  34  3:34  Marine  
  38  3:36  Hellion  
  40  3:41  Supply Depot  
  40  3:42  SCV  
  40  3:44  SCV  
  42  3:51  Marine x2  
  42  3:54  Marauder  
  45  3:59  Supply Depot  
  45  4:03  Medivac  
  45  4:07  Hellion  
  45  4:09  Marine x2  
  51  4:12  SCV  
  52  4:17  Marauder  
  52  4:21  SCV  
  52  4:23  Supply Depot  
  52  4:24  SCV  
  56  4:27  Marine x2  
  58  4:33  SCV, Factory Tech Lab  
  58  4:36  Starport Reactor  
  58  4:38  SCV, Marine  
  60  4:45  SCV, Marine  
  63  4:46  Marine, Supply Depot  
  63  4:50  SCV  
  65  4:58  SCV  
  66  5:08  SCV  
Tags
 
Add a new tag
Caveats
  • Supply blocks, unpowered buildings, or Contaminate may cause inaccurate times.
  • Supply counts are checked every 10 seconds.